 Dungeon Crawl Stone Soup version 0.31-a0-489-g282fc92437 (webtiles) character file.

Game seed: 303266271931926588

679 Morbidden the Conjurer (level 7, -2/49 HPs)
             Began as a Demonspawn Conjurer on Aug 8, 2023.
             Slain by a shadow imp (3 damage)
             ... summoned by Eustachio
             ... on level 4 of the Dungeon.
             The game lasted 00:06:35 (5128 turns).

Morbidden the Conjurer (Demonspawn Conjurer)        Turns: 5128, Time: 00:06:36

Health: -2/49      AC:  3    Str:  8    XL:     7   Next: 34%
Magic:  11/21      EV: 11    Int: 23    God:
Gold:   125        SH:  0    Dex: 11    Spells: 6/13 levels left

rFire   . . .        a - +2 dagger (venom)
rCold   . . .        (no shield)
rNeg    . . .        l - +0 leather armour
rPois   .            (helmet restricted)
rElec   .            (no cloak)
rCorr   .            (no gloves)
SInv    .            (no boots)
Will    .....        (no amulet)
Stlth   ++           e - ring of wizardry
HPRegen 0.28/turn    u - ring of magical power
MPRegen 0.17/turn

%: wizardry (x1)
@: no status effects
A: antennae 1, big brain 1
a: no special abilities


You were on level 4 of the Dungeon.
You visited 1 branch of the dungeon, and saw 4 of its levels.
You also visited: Sewer.

You collected 195 gold pieces.
You spent 70 gold pieces at shops.

Inventory:

Hand Weapons
 a - a +2 dagger of venom (weapon)
 b - a +0 dagger of electrocution
 h - the +7 whip of Intuition {flame, rElec rPois rF+ Dex+4}
   (You took it off an orc priest on level 3 of the Dungeon)

   Dex:       It affects your dexterity (+4).
   rF:        It protects you from fire.
   rElec:     It insulates you from electricity.
   rPois:     It protects you from poison.
 q - a +0 rapier
Missiles
 s - 4 boomerangs
Armour
 l - a +0 leather armour (worn)
Jewellery
 e - a ring of wizardry (left hand)
 u - a ring of magical power (right hand)
Talismans
 i - a serpent talisman
Wands
 n - a wand of charming (5)
Scrolls
 j - a scroll of teleportation
 t - a scroll of fog
 v - a scroll of enchant armour {unknown}
Potions
 c - a potion of might {unknown}
 d - a potion of enlightenment
 f - 3 potions of curing
 g - a potion of lignification
 k - a potion of attraction {unknown}
 m - a potion of magic
 o - a potion of berserk rage {unknown}
 p - a potion of degeneration {unknown}
 r - 3 potions of heal wounds
 w - a potion of brilliance {unknown}


   Skills:
 * Level 1.8 Fighting
 + Level 0.3 Short Blades
 * Level 2.3 Armour
 * Level 2.8 Dodging
 + Level 2.8 Stealth
 * Level 3.8 Spellcasting
 * Level 6.1 Conjurations
 + Level 0.1 Evocations
 * Level 1.2 Shapeshifting


You had 6 spell levels left.
You knew the following spells:

 Your Spells              Type           Power      Damage    Failure   Level
a - Magic Dart            Conj           100%       1d8       1%          1
b - Searing Ray           Conj           64%        2d6       1%          2
c - Iskenderun's Mystic   Conj/Tloc      18%        2d6       16%         4

Your spell library contained the following spells:

 Spells                   Type           Power      Damage    Failure   Level
 Dazzling Flash           Conj/Hex       36%        N/A       5%          3
 Hailstorm                Conj/Ice       18%        3d6       5%          3
 Freeze                   Ice            16%        1d4       6%          1
 Ensorcelled Hibernation  Hex/Ice        8%         N/A       9%          2
 Passwall                 Tmut/Erth      3%         N/A       9%          2
 Fulminant Prism          Conj/Hex       9%         3d6       16%         4
 Frozen Ramparts          Ice            8%         1d2       17%         3
 Swiftness                Air            4%         N/A       17%         3


Dungeon Overview and Level Annotations

Branches:
Dungeon (4/15)              Sewer (visited)
 Temple: D:4-7

Altars:

Shops:
D:4 !

Annotations:
D:4 Eustachio


Innate Abilities, Weirdness & Mutations

You have a pair of small antennae on your head.
You have an unusually large brain. (Int +2)


Message History

Unknown command.
The searing ray hits Eustachio.
Eustachio is heavily wounded.
The searing ray hits the ufetubus.
The ufetubus is heavily wounded.
The bat hits you but does no damage. Eustachio closely misses you.
The shadow imp lashes its tail.
The shadow imp barely misses you. The bat closely misses you.
The river rat bites you.
Unknown command.
You closely miss Eustachio.
Eustachio is heavily wounded.
The bat hits you but does no damage. Eustachio hits you with a +0 rapier.
The shadow imp barely misses you. The bat closely misses you.
The river rat bites you.
The white imp summons a swarm of flies.
The white imp gestures at you. The puff of frost hits you!
Unknown command.
You hit Eustachio.
Eustachio is poisoned.
Eustachio is heavily wounded.
The bat barely misses you. Eustachio hits you with a +0 rapier!
* * * LOW HITPOINT WARNING * * *
Unknown command.
Unknown command.
Eustachio attacks as you move away! Eustachio hits you with a +0 rapier.
* * * LOW HITPOINT WARNING * * *
The white imp hits you but does no damage.
The bat hits you but does no damage.
Unknown command.
Unknown command.
Unknown command.
The bat barely misses you.
Unknown command.
Unknown command.
Eustachio attacks as you move away! Eustachio hits you with a +0 rapier.
* * * LOW HITPOINT WARNING * * *
The shadow imp attacks as you move away!
The shadow imp hits you.
You die...

#.# #....#### ##+.###
##.########.......####
##...##
#.....[...##......../#
##.....##
#..#.####.##.........#
##.......#
#......##.###.......#
#.(.......
............#...5...#
+.........
#.#....##.####..br.#
#......... ......###.#
##55@## ##...)...#
###.......# ##@.#
##.....## ~~#.#.#####
##.##.######...##
~~#.#.# #........#
##'## ~~#.#.#
##.###.##.# #.#
###.#.# #......# #.#
....#.# #..#####
##.#### ...##.#
#..###### ##...#..
....#.# #.........
#......# ##..#.#
#†###########...#.#


You could see Eustachio (very poisoned), a river rat (summoned), a white imp
(summoned), a shadow imp (summoned), an ufetubus (summoned) and a bat
(summoned).

Vanquished Creatures
  Grinder (D:4)
  2 bullfrogs (Sewer)
  An orc priest (D:3)
  2 hounds (D:4)
  Jessica (D:2)
  2 orc wizards (D:3)
  7 adders
  2 dart slugs
  13 orcs
  3 bats
  7 endoplasms
  11 giant cockroaches
  3 goblins
  6 hobgoblins
  12 jackals
  9 kobolds
  5 quokkas
  10 ball pythons
  11 frilled lizards
  A rat (D:3)
109 creatures vanquished.

Vanquished Creatures (collateral kills)
  An adder (D:4)
  A giant cockroach (D:4)
2 creatures vanquished.

Grand Total: 111 creatures vanquished

Notes
Turn   | Place    | Note
-------+----------+-------------------------------------------
     0 | D:1      | Morbidden the Demonspawn Conjurer began the quest for the
                  | Orb.
     0 | D:1      | Reached XP level 1. HP: 13/13 MP: 3/3
   465 | D:1      | Gained mutation: You have an unusually large brain. (Int
                  | +2) [demonic ancestry]
   465 | D:1      | Reached XP level 2. HP: 19/19 MP: 3/5
   882 | D:1      | Learned a level 2 spell: Searing Ray
  1318 | D:2      | Noticed Jessica
  1322 | D:2      | Killed Jessica
  1323 | D:2      | Reached skill level 5 in Conjurations
  1323 | D:2      | Reached XP level 3. HP: 24/24 MP: 1/6
  1433 | D:2      | Found a faded altar of an unknown god.
  1676 | D:2      | Reached XP level 4. HP: 30/30 MP: 4/7
  2248 | D:3      | Reached skill level 1 in Armour
  2307 | D:3      | Reached XP level 5. HP: 32/36 MP: 4/8
  2338 | D:3      | Identified the +7 whip of Intuition {flame, rElec rPois rF+
                  | Dex+4}
  3325 | D:4      | Reached skill level 1 in Fighting
  3330 | D:4      | Found Daaczutt's Distillery.
  3339 | D:4      | Bought a potion of heal wounds for 70 gold pieces
  3407 | D:4      | Noticed Grinder
  3430 | D:4      | Found a glowing drain.
  3462 | Sewer    | Entered a sewer
  3722 | Sewer    | Gained mutation: You have a pair of small antennae on your
                  | head. [demonic ancestry]
  3722 | Sewer    | Reached XP level 6. HP: 39/43 MP: 1/10
  4080 | Sewer    | Reached skill level 1 in Shapeshifting
  4381 | D:4      | Learned a level 4 spell: Iskenderun's Mystic Blast
  4387 | D:4      | Paralysed by Grinder for 3 turns
  4392 | D:4      | Killed Grinder
  4393 | D:4      | Reached skill level 6 in Conjurations
  4393 | D:4      | Reached XP level 7. HP: 24/49 MP: 9/12
  5113 | D:4      | Noticed Eustachio
  5128 | D:4      | HP: 1/49 [Eustachio/+0 rapier (6)]
  5128 | D:4      | Slain by a shadow imp

Illustrated notes

Levels and vault maps discovered:
D:1:      sevenhm_arrival_forest_fort_small_4, layout_loops_corners,
          kennysheep_small_spiral
D:2:      layout_rooms, ebering_ecumenical_altar_abandoned, uniq_jessica
D:3:      layout_basic
D:4:      kennysheep_spiral_hall, layout_loops_corners, serial_shops, shop,
          gup_sewer_entry_glass, chequers_jeans, skrybe_limestone_x,
          kennysheep_generic_room_4, uniq_ijyb, uniq_eustachio, uniq_grinder

Skill      XL: |  1  2  3  4  5  6  7 |
---------------+----------------------+-----
Conjurations   | 5 6 |  6.1
Dodging        | 2 |  2.8
Armour         | 1 2 |  2.3
Stealth        | 2 |  2.8
Fighting       | 1 |  1.8
Spellcasting   | 3 |  3.8
Shapeshifting  | 1 |  1.2
Short Blades   | |  0.3
Evocations     | |  0.1

Action                     |  1- 3 |  4- 6 |  7- 9 || total
---------------------------+-------+-------+-------++-------
  Melee: Unarmed           |     7 |       |       ||     7
         Punch             |     1 |       |       ||     1
         Dagger            |     3 |    36 |     5 ||    44
   Cast: Magic Dart        |    51 |   126 |    18 ||   195
         Searing Ray       |     1 |     5 |     4 ||    10
  Evoke: Wand              |       |     1 |       ||     1
    Use: Scroll            |       |     4 |       ||     4
         Potion            |       |     2 |       ||     2
 Armour: Robe              |     3 |     2 |       ||     5
         Leather armour    |       |    15 |     8 ||    23
         Skin              |       |     6 |       ||     6
  Dodge: Dodged            |    10 |    43 |    23 ||    76

Table legend: (Time is in decaauts)
 A = Elapsed time spent in this place.
 B = Non-inter-level travel time spent in this place.
 C = Inter-level travel time spent in this place.
 D = Time resting spent in this place.
 E = Time spent auto-exploring this place.
 F = Levels seen in this place.
 G = Mean time per level.
                   A        B        C        D        E       F      G
               +--------+--------+--------+--------+--------+-----+--------+
         Total |   5215 |   5116 |     99 |    590 |   3679 |   5 | 1043.0 |
       Dungeon |   4224 |   4125 |     99 |    455 |   2920 |   4 | 1056.0 |
         Sewer |    991 |    991 |      0 |    135 |    758 |   1 |  991.0 |
               +--------+--------+--------+--------+--------+-----+--------+

Top non-repeatable levels by time:
     D:1: 1368 daAuts
     D:4: 1099 daAuts
     D:3: 1017 daAuts
   Sewer: 991 daAuts
     D:2: 739 daAuts
